FSL
TAMPA PIRATES @ DAYTONA BEACH ISLANDERS
06/06/1982
 
TOP OF THE 1ST
Tampa Pirates batting - Pitching for Daytona Beach Islanders : LHP Carlton Roberts
Pitching: LHP Carlton Roberts
Batting: RHB Erwin Bryant 0-0: Foul Ball, location: 2F
0-1: SINGLE (Groundball, 6D, EV 97.5 MPH)
Batting: RHB Ricky Jones 0-0: Called Strike
0-1: Ball
1-1: Ball
2-1: SINGLE (Groundball, 6MD, EV 100.0 MPH)
Erwin Bryant to second
Batting: LHB Pedro Nunez 0-0: Swinging Strike
0-1: Swinging Strike
0-2: Fly out, F9 (Line Drive, 9, EV 96.9 MPH)
Batting: LHB David Frederick 0-0: Ball
1-0: Ball
2-0: Ball
3-0: Called Strike
3-1: Foul Ball, location: 2F
3-2: SINGLE (Groundball, P, EV 90.0 MPH) (infield hit)
Erwin Bryant to third
Ricky Jones to second
Batting: RHB Rico Sutton 0-0: SINGLE (Line Drive, 56D, EV 104.4 MPH)
Erwin Bryant scores
Ricky Jones to third
David Frederick to second
Runner from 3rd tries for Home, SAFE, throw by LF to home
David Frederick to third
Rico Sutton to second
Batting: LHB Alfredo Rodriguez 0-0: Ball
1-0: Fly out, F8 (Flyball, 8LXD, EV 103.1 MPH)
Runner from 3rd tags up, SCORES, no throw by CF
Rico Sutton to third
Batting: RHB Dale Eiler 0-0: Ball
1-0: Swinging Strike
1-1: Fly out, F9 (Flyball, 89M, EV 86.9 MPH)
Top of the 1st over - 3 runs, 4 hits, 0 errors, 1 left on base; Tampa 3 - Daytona Beach 0
BOTTOM OF THE 1ST
Daytona Beach Islanders batting - Pitching for Tampa Pirates : RHP Albert Ervey
Pitching: RHP Albert Ervey
Batting: SHB Michael Frierson 0-0: Called Strike
0-1: Ball
1-1: Swinging Strike
1-2: Strikes out looking
Batting: RHB Kalvin Adams 0-0: Ball
1-0: Swinging Strike
1-1: Foul Ball, location: 2F
1-2: Ball
2-2: Ground out 5-3 (Groundball, 56S, EV 87.5 MPH)
Batting: SHB Randle Granger 0-0: Ball
1-0: Fly out, F8 (Flyball, 8LD, EV 89.4 MPH)
Bottom of the 1st over - 0 runs, 0 hits, 0 errors, 0 left on base; Tampa 3 - Daytona Beach 0
TOP OF THE 2ND
Tampa Pirates batting - Pitching for Daytona Beach Islanders : LHP Carlton Roberts
Batting: RHB Roy Dixon 0-0: Called Strike
0-1: Ball
1-1: Ball
2-1: Foul Ball, location: 2F
2-2: Foul Ball, location: 2F
2-2: Ground out 2-3 (Groundball, 2R, EV 67.5 MPH)
Batting: LHB Charles Rouse 0-0: Ball
1-0: DOUBLE (Flyball, 89D, EV 106.9 MPH)
Batting: RHB Erwin Bryant 0-0: Ground out 4-3 (Groundball, 4, EV 86.3 MPH)
Charles Rouse to third
Batting: RHB Ricky Jones 0-0: Fly out, F3 (Line Drive, 3, EV 67.5 MPH)
Top of the 2nd over - 0 runs, 1 hit, 0 errors, 1 left on base; Tampa 3 - Daytona Beach 0
BOTTOM OF THE 2ND
Daytona Beach Islanders batting - Pitching for Tampa Pirates : RHP Albert Ervey
Batting: RHB Columbus Duncan 0-0: Swinging Strike
0-1: Foul Ball, location: 2F
0-2: Fly out, F6 (Flyball, 56D, EV 86.3 MPH)
Batting: LHB Danny Hernandez 0-0: Called Strike
0-1: Ball
1-1: Ball
2-1: Ball
3-1: Foul Ball, location: 2F
3-2: Ground out 4-3 (Groundball, 34D, EV 80.6 MPH)
Batting: RHB Jeff Rutledge 0-0: Ball
1-0: Foul Ball, location: 5F, Error on foul ball, E5
1-1: Swinging Strike
1-2: Strikes out swinging
Bottom of the 2nd over - 0 runs, 0 hits, 1 error, 0 left on base; Tampa 3 - Daytona Beach 0
TOP OF THE 3RD
Tampa Pirates batting - Pitching for Daytona Beach Islanders : LHP Carlton Roberts
Batting: LHB Pedro Nunez 0-0: Called Strike
0-1: Ball
1-1: Ball
2-1: Called Strike
2-2: DOUBLE (Line Drive, 7LM, EV 108.8 MPH)
Batting: LHB David Frederick 0-0: Ball
1-0: SINGLE (Flyball, 7S, EV 83.8 MPH)
Pedro Nunez to third
Batting: RHB Rico Sutton 0-0: Ball
1-0: Called Strike
1-1: Ball
2-1: Ball
3-1: Called Strike
3-2: Base on Balls
David Frederick to second
Batting: LHB Alfredo Rodriguez 0-0: Ball
1-0: Swinging Strike
1-1: SINGLE (Line Drive, 78M, EV 94.4 MPH)
Pedro Nunez scores
David Frederick to third
Rico Sutton to second
Runner from 3rd tries for Home, SAFE, throw by LF to home
Pitching: RHP Randall Rambis
Batting: RHB Dale Eiler 0-0: Ball
1-0: Ball
2-0: Ball
3-0: Called Strike
3-1: Base on Balls
Rico Sutton to third
Alfredo Rodriguez to second
Batting: RHB Roy Dixon 0-0: Fly out, F7 (Flyball, 7S, EV 79.4 MPH)
Throwing error, E7
Rico Sutton scores
Alfredo Rodriguez to third
Dale Eiler to second
Batting: LHB Charles Rouse 0-0: Called Strike
0-1: Called Strike
0-2: Foul Ball, location: 2F
0-2: Ball
1-2: Ball
2-2: Foul Ball, location: 2F
2-2: Fly out, F8 (Line Drive, 8LD, EV 91.3 MPH)
Runner from 3rd tags up, SCORES, throw by CF
Dale Eiler to third
Batting: RHB Erwin Bryant 0-0: Ball
1-0: Fly out, F7 (Flyball, 78D, EV 99.4 MPH)
Top of the 3rd over - 4 runs, 3 hits, 1 error, 1 left on base; Tampa 7 - Daytona Beach 0
BOTTOM OF THE 3RD
Daytona Beach Islanders batting - Pitching for Tampa Pirates : RHP Albert Ervey
Batting: RHB Francisco Gonzalez 0-0: Swinging Strike
0-1: Ground out 4-3 (Groundball, 4, EV 85.0 MPH)
Batting: RHB Jeffrey Coker 0-0: Ball
1-0: Ball
2-0: Ground out U3 (Groundball, 3, EV 103.8 MPH)
Batting: RHB Robert Whitfield 0-0: Ball
1-0: Foul Ball, location: 2F
1-1: Ball
2-1: Ball
3-1: DOUBLE (Line Drive, 89M, EV 105.0 MPH)
Batting: SHB Michael Frierson 0-0: SINGLE (Groundball, 3S, EV 76.3 MPH) (infield hit)
Robert Whitfield to third
Batting: RHB Kalvin Adams 0-0: Reached on error, E6 (Groundball, 6, EV 101.3 MPH)
Robert Whitfield scores
Michael Frierson to second
Batting: SHB Randle Granger 0-0: Foul Ball, location: 2F
0-1: Ball
1-1: Ball
2-1: Fly out, F7 (Line Drive, 7D, EV 86.3 MPH)
Bottom of the 3rd over - 1 run, 2 hits, 1 error, 2 left on base; Tampa 7 - Daytona Beach 1
TOP OF THE 4TH
Tampa Pirates batting - Pitching for Daytona Beach Islanders : RHP Randall Rambis
Batting: RHB Ricky Jones 0-0: Swinging Strike
0-1: Called Strike
0-2: Ball
1-2: Strikes out swinging
Batting: LHB Pedro Nunez 0-0: Called Strike
0-1: Ground out 3-1 (Groundball, 23, EV 88.1 MPH)
Batting: LHB David Frederick 0-0: Called Strike
0-1: Ball
1-1: Foul Ball, location: 2F
1-2: SOLO HOME RUN (Flyball, 7D, EV 110.0 MPH), Distance : 362 ft
Batting: RHB Rico Sutton 0-0: Called Strike
0-1: Foul Ball, location: 2F
0-2: Ball
1-2: Foul Ball, location: 2F
1-2: Strikes out swinging
Top of the 4th over - 1 run, 1 hit, 0 errors, 0 left on base; Tampa 8 - Daytona Beach 1
BOTTOM OF THE 4TH
Daytona Beach Islanders batting - Pitching for Tampa Pirates : RHP Albert Ervey
Batting: RHB Columbus Duncan 0-0: Ball
1-0: Foul Ball, location: 2F
1-1: Foul Ball, location: 2F
1-2: Ball
2-2: Foul Ball, location: 2F
2-2: Fly out, F9 (Flyball, 9D, EV 98.1 MPH)
Batting: LHB Danny Hernandez 0-0: Ball
1-0: Fly out, F8 (Flyball, 8LD, EV 97.5 MPH)
Batting: RHB Jeff Rutledge 0-0: Ball
1-0: Ball
2-0: Ball
3-0: Base on Balls
Batting: RHB Francisco Gonzalez 0-0: Ball
1-0: Ball
2-0: Ball
3-0: Base on Balls
Jeff Rutledge to second
Batting: RHB Jeffrey Coker 0-0: Called Strike
0-1: Swinging Strike
0-2: Foul Ball, location: 2F
0-2: Ball
1-2: Foul Ball, location: 2F
1-2: Ball
2-2: Ball
3-2: Fly out, F3 (Popup, 3F, EV 76.3 MPH)
Bottom of the 4th over - 0 runs, 0 hits, 0 errors, 2 left on base; Tampa 8 - Daytona Beach 1
TOP OF THE 5TH
Tampa Pirates batting - Pitching for Daytona Beach Islanders : RHP Randall Rambis
Batting: LHB Alfredo Rodriguez 0-0: Ball
1-0: Reached on error, E6 (Groundball, 6, EV 78.1 MPH)
Batting: RHB Dale Eiler 0-0: Called Strike
0-1: Ball
1-1: Ball
Passed Ball!
Alfredo Rodriguez to second
2-1: Ball
3-1: Ground out 6-3 (Groundball, 6, EV 92.5 MPH)
Alfredo Rodriguez to third
Batting: RHB Roy Dixon 0-0: Ball
1-0: SINGLE (Line Drive, 7S, EV 105.6 MPH)
Alfredo Rodriguez scores
Batting: LHB Charles Rouse 0-0: Ball
1-0: Foul Ball, location: 2F
1-1: Foul Ball, location: 2F
1-2: Grounds into double play, 4-6-3 (Groundball, 4, EV 91.3 MPH)
Top of the 5th over - 1 run, 1 hit, 1 error, 0 left on base; Tampa 9 - Daytona Beach 1
BOTTOM OF THE 5TH
Daytona Beach Islanders batting - Pitching for Tampa Pirates : RHP Albert Ervey
Batting: RHB Robert Whitfield 0-0: Called Strike
0-1: Ball
1-1: Foul Ball, location: 2F
1-2: Strikes out swinging
Batting: SHB Michael Frierson 0-0: Called Strike
0-1: Ball
1-1: Called Strike
1-2: Strikes out swinging
Batting: RHB Kalvin Adams 0-0: Ball
1-0: Called Strike
1-1: Fly out, F7 (Flyball, 7, EV 86.9 MPH)
Bottom of the 5th over - 0 runs, 0 hits, 0 errors, 0 left on base; Tampa 9 - Daytona Beach 1
TOP OF THE 6TH
Tampa Pirates batting - Pitching for Daytona Beach Islanders : RHP Randall Rambis
Batting: RHB Erwin Bryant 0-0: Ball
1-0: Called Strike
1-1: Swinging Strike
1-2: Ball
2-2: Ground out 5-3 (Groundball, 56S, EV 86.3 MPH)
Batting: RHB Ricky Jones 0-0: Ground out 4-3 (Groundball, 4, EV 104.4 MPH)
Batting: LHB Pedro Nunez 0-0: Called Strike
0-1: Called Strike
0-2: SINGLE (Groundball, 4MD, EV 96.9 MPH)
Batting: LHB David Frederick 0-0: Foul Ball, location: 2F
0-1: Fly out, F8 (Line Drive, 8LD, EV 96.9 MPH)
Top of the 6th over - 0 runs, 1 hit, 0 errors, 1 left on base; Tampa 9 - Daytona Beach 1
BOTTOM OF THE 6TH
Daytona Beach Islanders batting - Pitching for Tampa Pirates : RHP Albert Ervey
Batting: SHB Randle Granger 0-0: Called Strike
0-1: Ground out 4-3 (Groundball, 4M, EV 86.3 MPH)
Batting: RHB Columbus Duncan 0-0: Ball
1-0: Foul Ball, location: 2F
1-1: Ball
2-1: Foul Ball, location: 2F
2-2: Fly out, F8 (Flyball, 8LS, EV 93.1 MPH)
Batting: LHB Danny Hernandez 0-0: Ball
1-0: Called Strike
1-1: Fly out, F1 (Popup, P, EV 70.6 MPH)
Bottom of the 6th over - 0 runs, 0 hits, 0 errors, 0 left on base; Tampa 9 - Daytona Beach 1
TOP OF THE 7TH
Tampa Pirates batting - Pitching for Daytona Beach Islanders : RHP Randall Rambis
Pitching: RHP Paul Tarango
Batting: RHB Rico Sutton 0-0: Called Strike
0-1: Ball
1-1: SINGLE (Groundball, 56D, EV 106.3 MPH)
Batting: LHB Alfredo Rodriguez 0-0: Foul Ball, location: 2F
0-1: Swinging Strike
0-2: Strikes out looking
Batting: RHB Dale Eiler 0-0: Called Strike
0-1: Ball
1-1: Ball
2-1: Ball
3-1: Foul Ball, location: 2F
3-2: Base on Balls
Rico Sutton to second
Batting: RHB Roy Dixon 0-0: Ball
1-0: Ball
2-0: Swinging Strike
2-1: Ball
3-1: Foul Ball, location: 2F
3-2: Strikes out looking
Pinch Hitting: LHB Thomas Mee 0-0: Called Strike
0-1: Called Strike
0-2: Ground out 4-3 (Groundball, 4S, EV 76.3 MPH)
Top of the 7th over - 0 runs, 1 hit, 0 errors, 2 left on base; Tampa 9 - Daytona Beach 1
BOTTOM OF THE 7TH
Daytona Beach Islanders batting - Pitching for Tampa Pirates : RHP Albert Ervey
Now at 2B: Thomas Mee
Batting: RHB Jeff Rutledge 0-0: Called Strike
0-1: Called Strike
0-2: Ball
1-2: Ball
2-2: Strikes out swinging
Pinch Hitting: RHB Don Stricklen 0-0: Swinging Strike
0-1: Called Strike
0-2: Ball
1-2: Strikes out swinging
Pinch Hitting: RHB Alvin Bush 0-0: Ball
1-0: Called Strike
1-1: Called Strike
1-2: Ball
2-2: Strikes out looking
Bottom of the 7th over - 0 runs, 0 hits, 0 errors, 0 left on base; Tampa 9 - Daytona Beach 1
TOP OF THE 8TH
Tampa Pirates batting - Pitching for Daytona Beach Islanders : RHP Paul Tarango
Now at 3B: Don Stricklen
Now in CF: Alvin Bush
Batting: RHB Erwin Bryant 0-0: Foul Ball, location: 2F
0-1: Ball
1-1: Ball
2-1: Foul Ball, location: 2F
2-2: Foul Ball, location: 2F
2-2: Foul Ball, location: 2F
2-2: Foul Ball, location: 2F
2-2: Ball
3-2: Foul Ball, location: 2F
3-2: Ground out 5-3 (Groundball, 56S, EV 61.3 MPH)
Batting: RHB Ricky Jones 0-0: Fly out, F9 (Line Drive, 9, EV 93.8 MPH)
Pinch Hitting: RHB Jeffrey Narleski 0-0: Foul Ball, location: 2F
0-1: Ball
1-1: Fly out, F7 (Flyball, 7LS, EV 84.4 MPH)
Top of the 8th over - 0 runs, 0 hits, 0 errors, 0 left on base; Tampa 9 - Daytona Beach 1
BOTTOM OF THE 8TH
Daytona Beach Islanders batting - Pitching for Tampa Pirates : RHP Albert Ervey
Now in RF: Jeffrey Narleski
Batting: RHB Robert Whitfield 0-0: Ball
1-0: Ground out 4-3 (Groundball, 4S, EV 85.0 MPH)
Pinch Hitting: LHB Roger Lee 0-0: Ground out 4-3 (Groundball, 4, EV 80.0 MPH)
Batting: RHB Kalvin Adams 0-0: Called Strike
0-1: Ground out 6-3 (Groundball, 6M, EV 104.4 MPH)
Bottom of the 8th over - 0 runs, 0 hits, 0 errors, 0 left on base; Tampa 9 - Daytona Beach 1
TOP OF THE 9TH
Tampa Pirates batting - Pitching for Daytona Beach Islanders : RHP Paul Tarango
Now in LF: Roger Lee
Pinch Hitting: RHB James Van Deventer 0-0: Called Strike
0-1: Ball
1-1: Fly out, F7 (Line Drive, 7, EV 89.4 MPH)
Batting: RHB Rico Sutton 0-0: Called Strike
0-1: Ball
1-1: Swinging Strike
1-2: Ball
2-2: Strikes out swinging
Batting: LHB Alfredo Rodriguez 0-0: Ball
1-0: Ball
2-0: Foul Ball, location: 2F
2-1: Foul Ball, location: 2F
2-2: Foul Ball, location: 2F
2-2: Ball
3-2: Fly out, F7 (Line Drive, 7D, EV 86.9 MPH)
Top of the 9th over - 0 runs, 0 hits, 0 errors, 0 left on base; Tampa 9 - Daytona Beach 1
BOTTOM OF THE 9TH
Daytona Beach Islanders batting - Pitching for Tampa Pirates : RHP Albert Ervey
Now in LF: Edward Engstler
Batting: SHB Randle Granger 0-0: Ball
1-0: Called Strike
1-1: SOLO HOME RUN (Flyball, 9D, EV 94.4 MPH), Distance : 368 ft
Batting: RHB Columbus Duncan 0-0: Called Strike
0-1: Foul Ball, location: 2F
0-2: Ball
1-2: Ground out 5-3 (Groundball, 56, EV 90.6 MPH)
Batting: LHB Danny Hernandez 0-0: Ball
1-0: Ball
2-0: DOUBLE (Flyball, 8RXD, EV 108.8 MPH)
Batting: RHB Jeff Rutledge 0-0: Ground out 4-3 (Groundball, 4, EV 96.9 MPH)
Danny Hernandez to third
Batting: RHB Don Stricklen 0-0: Fly out, F3 (Popup, 3SF, EV 77.5 MPH)
Bottom of the 9th over - 1 run, 2 hits, 0 errors, 1 left on base; Tampa 9 - Daytona Beach 2
Thursday, August 6th, 2020 - OOTP Baseball 21.5 Build 76